 Dungeon Crawl Stone Soup version 0.19.5 (webtiles) character file.

42 Kahvikuppo the Skirmisher (level 3, -3/29 HPs)
             Began as a Demonspawn Berserker on Apr 17, 2017.
             Was a Believer of Trog.
             Slain by Pikel
             ... wielding a +1 whip of electrocution
              (5 damage)
             ... on level 4 of the Dungeon.
             The game lasted 00:07:19 (1749 turns).

Kahvikuppo the Skirmisher (Demonspawn Berserker)    Turns: 1749, Time: 00:07:19

Health: -3/29      AC:  5    Str: 18    XL:     3   Next: 33%
Magic:  3/3        EV: 10    Int:  8    God:    Trog [**....]
Gold:   123        SH:  3    Dex: 12    Spells: 0 memorised, 2 levels left

rFire  + . .     SeeInvis .     a - +0 falchion
rCold  . . .     Gourm    .     f - +0 ring mail
rNeg   . . .     Faith    .     m - +0 buckler
rPois  .         Spirit   .     (no helmet)
rElec  .         Reflect  .     (no cloak)
rCorr  .         Harm     .     (no gloves)
MR     .....                    (no boots)
Stlth  +.........               (no amulet)
                                (no ring)
                                k - ring of wizardry

@: exhausted, slowed, very slow
A: fire resistance 1, powered by pain 1
a: Berserk, Trog's Hand, Burn Spellbooks, Renounce Religion


You were on level 4 of the Dungeon.
You worshipped Trog.
Trog was pleased with you.
You were not hungry.

You visited 1 branch of the dungeon, and saw 3 of its levels.

You collected 123 gold pieces.

Inventory:

Hand Weapons
 a - a +0 falchion (weapon)
 l - a +0 mace of holy wrath
Missiles
 e - 38 poisoned needles (quivered)
Armour
 b - a +0 animal skin
 f - a +0 ring mail (worn)
 m - a +0 buckler (worn)
Jewellery
 k - a ring of wizardry (left hand)
Scrolls
 h - a scroll of magic mapping {unknown}
 i - a scroll of fear {unknown}
 j - 2 scrolls of fog {unknown}
 n - a scroll of enchant armour {unknown}
Potions
 d - a potion of berserk rage {unknown}
 g - 2 potions of flight {unknown}
Comestibles
 c - 2 bread rations


   Skills:
 * Level 3.6 Fighting
 + Level 3.2 Long Blades
 + Level 2.0 Armour
 + Level 2.0 Dodging
 * Level 0.1 Shields


You had 2 spell levels left.
You didn't know any spells.

Dungeon Overview and Level Annotations

Branches:
Dungeon (2/15)

Altars:

Annotations:
D:4 Pikel


Innate Abilities, Weirdness & Mutations

Your flesh is heat resistant. (rF+)
You sometimes gain a little power by taking damage.


Message History

Pikel barely misses you.
You barely miss Pikel.
Pikel is moderately wounded.
You hit Pikel.
Pikel is heavily wounded.
Pikel hits you but does no damage.
You closely miss Pikel.
Pikel is heavily wounded.
Pikel hits you with a whip of electrocution!
* * * LOW HITPOINT WARNING * * *
A giant cockroach comes into view.
You barely miss Pikel.
Pikel is heavily wounded.
You hear the rusting of a drain nearby.
You hear the slow hiss of a very distant avalanche of sand.
You are no longer berserk.
You are exhausted.
You feel yourself slow down.
The giant cockroach moves out of view.
Pikel hits you with a whip of electrocution.
You die...

#### ## #.. .#
############## #.###.#
#.lsK@.>.....###.#....
#.pl####..............
#.# ###.###.#.#.....#
.. #...# #.#.###..## .
#######.#.###[.##
...............
######..###..## #..#
#..# #..# #..#


You could see Pikel, a slave, 2 leopard geckos and a giant cockroach.

Vanquished Creatures
  2 slaves (D:4)
  A worm (D:2)
  2 dart slugs
  2 leopard geckos
  2 bats (D:2)
  2 giant cockroaches
  3 goblins
  9 hobgoblins
  A quokka (D:4)
  2 kobolds (D:2)
  A leopard gecko skeleton (D:4)
  4 rats
31 creatures vanquished.

Notes
Turn   | Place    | Note
-------+----------+-------------------------------------------
     0 | D:1      | Kahvikuppo the Demonspawn Berserker began the quest for the Orb.
     0 | D:1      | Reached XP level 1. HP: 18/18 MP: 1/1
   339 | D:1      | Gained mutation: Your flesh is heat resistant. (rF+) [demonic ancestry]
   339 | D:1      | Reached XP level 2. HP: 18/24 MP: 2/2
  1368 | D:2      | Gained mutation: You sometimes gain a little power by taking damage. [demonic ancestry]
  1368 | D:2      | Reached XP level 3. HP: 27/29 MP: 3/3
  1596 | D:2      | You fall through a shaft for 2 floors!
  1698 | D:4      | Reached ** piety under Trog
  1719 | D:4      | Noticed a slave
  1721 | D:4      | Noticed a slave
  1722 | D:4      | Noticed a slave
  1722 | D:4      | Noticed Pikel
  1722 | D:4      | Noticed a slave
  1732 | D:4      | Killed a slave
  1742 | D:4      | Killed a slave
  1749 | D:4      | Slain by Pikel

Skill      XL: |  1  2  3 |
---------------+----------+-----
Long Blades    | 3 |  3.2
Dodging        | 2 |  2.0
Armour         | 2 |  2.0
Fighting       | |  3.6
Shields        | |  0.1

Action                   || total
-------------------------++-------
Melee: Falchion          ||   103
Invok: Berserk           ||     1
  Eat: Bread ration      ||     1
Armor: Animal skin       ||     2
       Ring mail         ||    31
Dodge: Dodged            ||    50
Block: Buckler           ||     6
       Rpst.: Falchion   ||     9
